Pick #1

Connor Bedard
Pick #2

Leo Carlsson
Pick #3

Adam Fantilli
Pick #4

Matvei Michkov
Pick #5

David Reinbacher
Pick #6

William Smith
Pick #7

Zachary Benson
Pick #8

Ryan Leonard
Pick #9

Gabriel Perreault
Pick #10

Axel Sandin-Pellika
Pick #11

Daniil But
Pick #12

Dalibor Dvorsky
Pick #13

Quentin Musty
Pick #14

Brayden Yager
Pick #15

Dmitry Simashev
Pick #16

Colby Barlow
Pick #17

Andrew Cristall
Pick #18

Easton Cowan
Pick #19

Jacob Fowler
Pick #20

Oliver Moore
Pick #21

Oliver Bonk
Pick #22

Tom Willander
Pick #23

Calum Ritchie
Pick #24

Tanner Molendyk
Pick #25

Gavin Brindley
Pick #26

Nate Danielson
Pick #27

Pick #28

Pick #29

Pick #30

Pick #31

Pick #32

Pick #33

Pick #34

Pick #35

Pick #36

Pick #37

Pick #38

Pick #39

Pick #40

Pick #41

Pick #42

Pick #43

Pick #44

Pick #45

Pick #46

Pick #47

Pick #48

Pick #49

Pick #50

Pick #51

Pick #52

Pick #53

Pick #54

Pick #55

Pick #56

Pick #57

Pick #58

Pick #59

Pick #60

Pick #61

Pick #62

Pick #63

Pick #64

Pick #65

Pick #66

Pick #67

Pick #68

Pick #69

Pick #70

Pick #71

Pick #72

Pick #73

Pick #74

Pick #75

Pick #76

Pick #77

Pick #78

Pick #79

Pick #80

Pick #81

Pick #82

Pick #83

Pick #84

Pick #85

Pick #86

Pick #87

Pick #88

Pick #89

Pick #90

Pick #91

Pick #92

Pick #93

Pick #94

Pick #95

Pick #96

Pick #97

Pick #98

Pick #99

Pick #100

Pick #101

Pick #102

Pick #103

Pick #104

Pick #105

Pick #106

Pick #107

Pick #108

Pick #109

Pick #110

Pick #111

Pick #112

Pick #113

Pick #114

Pick #115

Pick #116

Pick #117

Pick #118

Pick #119

Pick #120

Pick #121

Pick #122

Pick #123

Pick #124

Pick #125

Pick #126

Pick #127

Pick #128

Pick #129

Pick #130

Full Scoreboard »»

Senators vs Kings

Created - December 11, 2023 at 22:15

Goals
1 2 3 OT1 T
Senators 0 1 3 1 5
Kings 0 0 4 0 4
Shots
1 2 3 OT1 T
Senators 10 11 15 2 38
Kings 7 2 9 0 18

GoalsPenalties
1st period
No Goal
K'Andre Miller (OTT) for Hooking (Minor) at 6:00
2nd period
1. Senators , Nikita Kucherov 15 (Matty Beniers 9, Joel Eriksson Ek 9) at 4:39 (PP)
Connor Clifton (OTT) for Roughing (Minor) at 0:11
Mattias Ekholm (LOS) for Holding (Minor) at 3:29
Jason Dickinson (LOS) for Interference (Minor) at 6:35
Connor Clifton (OTT) for Holding Stick (Minor) at 19:37
3rd period
2. Kings , Logan Couture 8 (Vladimir Tarasenko 15, Mattias Ekholm 14) at 5:41
3. Senators , Andrew Copp 7 (Scott Laughton 9) at 7:40 (PP)
4. Kings , Jason Dickinson 1 (Joel Edmundson 4, Brandon Saad 10) at 9:37
5. Kings , Matt Duchene 6 (Evander Kane 9, Jonas Brodin 14) at 10:32
6. Kings , Matt Duchene 7 (Evander Kane 10, Alex Ovechkin 15) at 12:01
7. Senators , Danton Heinen 3 (Chris Tanev 5, Eric Staal 6) at 18:02
8. Senators , Scott Laughton 8 (Chris Tanev 6) at 19:05
Mattias Ekholm (LOS) for Roughing (Minor) at 7:32
Evander Kane (LOS) for Tripping (Minor) at 14:52
Overtime #1
9. Senators , Scott Laughton 9 (Joel Eriksson Ek 10, Noah Hanifin 13) at 1:38
No Penalty
Goalie Stats
Semyon Varlamov (OTT), 14 saves from 18 shots - (0.778), W, 9-6-1, 61:39 minutes
Karel Vejmelka (LOS), 33 saves from 38 shots - (0.868), OTL, 0-2-1, 61:39 minutes
3 StarsOfficial
1 - Scott Laughton (OTT)
2 - Matt Duchene (LOS)
3 - Joel Eriksson Ek (OTT)
Referees : Brandon Blandina and Mitch Dunning
Linesman : Darren Gibbs and Derek Wahl
Game Note
No Game Note
Finance
Level 1 -- Attendance: 6240 (96.00%) -- Ticket Income $592,800
Level 2 -- Attendance: 5000 (100.00%) -- Ticket Income $375,000
Level 3 -- Attendance: 3089 (88.26%) -- Ticket Income $169,895
Level 4 -- Attendance: 2118 (100.00%) -- Ticket Income $84,720
Luxury Box -- Attendance: 921 (92.10%) -- Ticket Income $207,225
Game was played at the Staples Center.
Total Attendance: 17368 (95.86%)
Total Ticket Income: $1,429,640
Other Income: $357,410
Total Income: $1,787,050



Team Name Goals Shots Shots Attemp Shots Blocked PIM HIT PP PK FO%
Senators 5387486252 / 4 (50%)057%
Kings 41840128120 / 3 (0%)243%

Senators
Player Name POS G A P +/- PIM HIT SHT SB MP PP MP PP SHT PK MP PK SHT FO% FOT
Andrew CoppC101-1007018:392:5220:00044% 25
Anthony CirelliC000-1014020:262:5202:44050% 2
Brock McGinnLW000001106:550:0000:3100% 0
Chris TanevD0220001020:120:0002:4800% 0
Christian DvorakC0000010113:250:0002:42080% 15
Connor CliftonD000-1421015:470:0001:0500% 0
Danton HeinenLW1010012010:430:0000:0000% 0
Eric StaalC0110002013:250:0002:4200% 1
Jake WalmanD000-1000018:232:2601:1300% 0
Joel Eriksson EkC0220044019:562:2400:00058% 19
K'Andre MillerD0000231321:292:2601:4000% 0
Luke GlendeningC000002409:390:0003:15058% 12
Matty BeniersC011-1003019:142:2410:0000% 1
Nikita KucherovRW101-1013020:112:2420:00050% 2
Noah HanifinD0110020423:012:5002:5000% 0
Pius SuterC000000006:240:0000:0000% 0
Rasmus AnderssonD000-1032022:442:5022:1800% 0
Scott LaughtonC2130043018:242:5200:000100% 2
Kings
Player Name POS G A P +/- PIM HIT SHT SB MP PP MP PP SHT PK MP PK SHT FO% FOT
Alex OvechkinLW0110023122:133:4700:0300% 1
Brandon SaadLW0111001010:080:0000:0000% 1
Cole SillingerC0001001015:512:1000:34133% 3
Conor ShearyLW000000008:240:0000:0000% 0
David KrejciC0001001012:182:1000:00030% 10
David SavardD0001000115:520:0001:4600% 0
Evander KaneLW022-1221021:183:4700:0000% 3
Jason DickinsonC1011212010:580:0000:5100% 0
Joel EdmundsonD0111010215:520:0001:4600% 0
Jonas BrodinD011-1010325:304:0203:3000% 0
Logan CoutureC1011002017:391:5501:22053% 17
Mark GiordanoD0002000116:430:0000:0000% 0
Matt DucheneC2020004020:553:4700:00050% 26
Mattias EkholmD0112442019:511:5500:0000% 0
Nic DowdC0000000012:150:0003:51044% 18
Rasmus RistolainenD000-2011425:544:0203:3000% 0
Tyler MotteC0000000012:150:0003:5100% 0
Vladimir TarasenkoRW0110000015:412:1000:0000% 0



Play-by-Play

1st period


0:01 of 1st period - Joel Eriksson Ek wins face-off versus Matt Duchene in neutral zone.
0:04 of 1st period - Shot by Nikita Kucherov.
0:04 of 1st period - Stopped by Karel Vejmelka without a rebound.
0:05 of 1st period - Andrew Copp wins face-off versus Logan Couture in Kings zone.
0:50 of 1st period - Shot by K'Andre Miller.
0:50 of 1st period - Stopped by Karel Vejmelka with a rebound.
1:24 of 1st period - Shot by Joel Eriksson Ek.
1:24 of 1st period - Shot Blocked by Mark Giordano.
1:26 of 1st period - Shot by Matty Beniers.
1:26 of 1st period - Stopped by Karel Vejmelka without a rebound.
1:27 of 1st period - Matt Duchene wins face-off versus Eric Staal in Kings zone.
1:27 of 1st period - Jonas Brodin is hit by Danton Heinen and loses puck.
1:52 of 1st period - Shot by Alex Ovechkin.
1:52 of 1st period - Shot Misses the Net.
1:54 of 1st period - Shot by Rasmus Ristolainen.
1:54 of 1st period - Shot Hit the Post.
1:56 of 1st period - Shot by Evander Kane.
1:56 of 1st period - Shot Blocked by Noah Hanifin.
2:34 of 1st period - Shot by David Krejci.
2:34 of 1st period - Stopped by Semyon Varlamov without a rebound.
2:35 of 1st period - Nic Dowd wins face-off versus Matty Beniers in Senators zone.
2:36 of 1st period - Shot by Conor Sheary.
2:36 of 1st period - Shot Misses the Net.
3:00 of 1st period - Shot by Joel Eriksson Ek.
3:00 of 1st period - Shot Misses the Net.
4:49 of 1st period - Shot by Alex Ovechkin.
4:49 of 1st period - Stopped by Semyon Varlamov with a rebound.
6:00 of 1st period - Minor Penalty to K'Andre Miller for Hooking.
6:01 of 1st period - Christian Dvorak wins face-off versus Cole Sillinger in Senators zone.
7:58 of 1st period - Matt Duchene is hit by Luke Glendening and loses puck.
9:01 of 1st period - Rasmus Andersson is hit by Mattias Ekholm and loses puck.
9:07 of 1st period - Icing by Alex Ovechkin.
9:08 of 1st period - Matt Duchene wins face-off versus Andrew Copp in Kings zone.
9:16 of 1st period - Icing by Jake Walman.
9:17 of 1st period - David Krejci wins face-off versus Andrew Copp in Senators zone.
9:29 of 1st period - Off-side.
9:30 of 1st period - Logan Couture wins face-off versus Joel Eriksson Ek in neutral zone.
9:33 of 1st period - Shot by Logan Couture.
9:33 of 1st period - Shot Misses the Net.
9:35 of 1st period - Shot by Mattias Ekholm.
9:35 of 1st period - Stopped by Semyon Varlamov with a rebound.
10:49 of 1st period - Jonas Brodin is hit by Christian Dvorak and loses puck.
11:02 of 1st period - Shot by Eric Staal.
11:02 of 1st period - Stopped by Karel Vejmelka without a rebound.
11:03 of 1st period - Andrew Copp wins face-off versus David Krejci in Kings zone.
11:03 of 1st period - Andrew Copp is hit by Joel Edmundson.
11:05 of 1st period - Shot by Anthony Cirelli.
11:05 of 1st period - Shot Blocked by David Savard.
11:29 of 1st period - Shot by Jason Dickinson.
11:29 of 1st period - Stopped by Semyon Varlamov without a rebound.
11:30 of 1st period - Joel Eriksson Ek wins face-off versus Matt Duchene in Senators zone.
11:30 of 1st period - Noah Hanifin is hit by Evander Kane and loses puck.
11:39 of 1st period - Shot by Evander Kane.
11:39 of 1st period - Shot Blocked by Noah Hanifin.
11:47 of 1st period - Shot by Alex Ovechkin.
11:47 of 1st period - Stopped by Semyon Varlamov with a rebound.
12:03 of 1st period - Shot by Alex Ovechkin.
12:03 of 1st period - Shot Misses the Net.
12:05 of 1st period - Shot by Rasmus Ristolainen.
12:05 of 1st period - Stopped by Semyon Varlamov without a rebound.
12:06 of 1st period - David Krejci wins face-off versus Andrew Copp in Senators zone.
12:06 of 1st period - David Krejci is hit by K'Andre Miller.
13:04 of 1st period - Mark Giordano is hit by Scott Laughton and loses puck.
13:40 of 1st period - Icing by Mattias Ekholm.
13:41 of 1st period - Joel Eriksson Ek wins face-off versus David Krejci in Kings zone.
14:08 of 1st period - Shot by Joel Eriksson Ek.
14:08 of 1st period - Stopped by Karel Vejmelka without a rebound.
14:09 of 1st period - Luke Glendening wins face-off versus Matt Duchene in Kings zone.
14:25 of 1st period - Brock McGinn is hit by Rasmus Ristolainen and loses puck.
14:28 of 1st period - Shot by Luke Glendening.
14:28 of 1st period - Shot Misses the Net.
14:30 of 1st period - Shot by Luke Glendening.
14:30 of 1st period - Stopped by Karel Vejmelka with a rebound.
14:32 of 1st period - Shot by Pius Suter.
14:32 of 1st period - Shot Misses the Net.
14:48 of 1st period - Shot by Brock McGinn.
14:48 of 1st period - Deflect By Luke Glendening.
14:48 of 1st period - Stopped by Karel Vejmelka without a rebound.
14:49 of 1st period - Logan Couture wins face-off versus Joel Eriksson Ek in Kings zone.
16:19 of 1st period - Shot by Evander Kane.
16:19 of 1st period - Stopped by Semyon Varlamov without a rebound.
16:20 of 1st period - Andrew Copp wins face-off versus Nic Dowd in Senators zone.
16:37 of 1st period - Shot by Scott Laughton.
16:37 of 1st period - Shot Misses the Net.
16:51 of 1st period - Shot by Anthony Cirelli.
16:51 of 1st period - Stopped by Karel Vejmelka without a rebound.
16:52 of 1st period - Matt Duchene wins face-off versus Luke Glendening in Kings zone.
17:29 of 1st period - Shot by Evander Kane.
17:29 of 1st period - Shot Blocked by K'Andre Miller.
17:36 of 1st period - Icing by K'Andre Miller.
17:37 of 1st period - Luke Glendening wins face-off versus David Krejci in Senators zone.
18:02 of 1st period - Icing by Noah Hanifin.
18:03 of 1st period - Joel Eriksson Ek wins face-off versus Logan Couture in Senators zone.
18:21 of 1st period - Cole Sillinger is hit by Joel Eriksson Ek and loses puck.
19:26 of 1st period - Shot by Anthony Cirelli.
19:26 of 1st period - Stopped by Karel Vejmelka without a rebound.
19:27 of 1st period - Nic Dowd wins face-off versus Christian Dvorak in Kings zone.
19:29 of 1st period - Icing by Mattias Ekholm.
19:30 of 1st period - Christian Dvorak wins face-off versus Nic Dowd in Kings zone.
19:31 of 1st period - Shot by Danton Heinen.
19:31 of 1st period - Stopped by Karel Vejmelka without a rebound.
19:32 of 1st period - Christian Dvorak wins face-off versus Matt Duchene in Kings zone.
19:49 of 1st period - Shot by Alex Ovechkin.
19:49 of 1st period - Shot Blocked by K'Andre Miller.
Goals for this period are 0 for Senators vs 0 for Kings.
Shots for this period are 10 for Senators vs 7 for Kings.

2nd period


0:01 of 2nd period - Andrew Copp wins face-off versus Matt Duchene in neutral zone.
0:03 of 2nd period - Off-side.
0:04 of 2nd period - Matt Duchene wins face-off versus Andrew Copp in neutral zone.
0:04 of 2nd period - Matt Duchene is hit by Scott Laughton.
0:11 of 2nd period - Minor Penalty to Connor Clifton for Roughing.
0:12 of 2nd period - Luke Glendening wins face-off versus Matt Duchene in Senators zone.
0:12 of 2nd period - Anthony Cirelli is hit by Evander Kane and loses puck.
0:16 of 2nd period - Noah Hanifin is hit by Alex Ovechkin and loses puck.
1:05 of 2nd period - Icing by Jonas Brodin.
1:06 of 2nd period - Luke Glendening wins face-off versus Matt Duchene in Kings zone.
2:13 of 2nd period - Conor Sheary is hit by Joel Eriksson Ek and loses puck.
3:29 of 2nd period - Minor Penalty to Mattias Ekholm for Holding.
3:30 of 2nd period - Scott Laughton wins face-off versus Nic Dowd in Kings zone.
4:05 of 2nd period - Shot by Anthony Cirelli.
4:05 of 2nd period - Shot Blocked by Rasmus Ristolainen.
4:07 of 2nd period - Shot by Anthony Cirelli.
4:07 of 2nd period - Shot Misses the Net.
4:33 of 2nd period - Shot by K'Andre Miller.
4:33 of 2nd period - Shot Hit the Post.
4:35 of 2nd period - Shot by Joel Eriksson Ek.
4:35 of 2nd period - Deflect By Matty Beniers.
4:35 of 2nd period - Stopped by Karel Vejmelka with a rebound.
4:37 of 2nd period - Shot by Matty Beniers.
4:37 of 2nd period - Shot Blocked by Joel Edmundson.
4:39 of 2nd period - Shot by Nikita Kucherov.
4:39 of 2nd period - Goal by Nikita Kucherov - Senators : 1 - Kings : 0.
4:40 of 2nd period - Christian Dvorak wins face-off versus Alex Ovechkin in neutral zone.
4:40 of 2nd period - Christian Dvorak is hit by Alex Ovechkin.
5:09 of 2nd period - Icing by Mattias Ekholm.
5:10 of 2nd period - Matt Duchene wins face-off versus Luke Glendening in Kings zone.
5:10 of 2nd period - Matt Duchene is hit by Luke Glendening.
5:26 of 2nd period - Shot by Pius Suter.
5:26 of 2nd period - Shot Misses the Net.
6:29 of 2nd period - Logan Couture is hit by Rasmus Andersson and loses puck.
6:35 of 2nd period - Minor Penalty to Jason Dickinson for Interference.
6:36 of 2nd period - Nic Dowd wins face-off versus Joel Eriksson Ek in Kings zone.
6:49 of 2nd period - Rasmus Ristolainen is hit by Joel Eriksson Ek.
7:30 of 2nd period - Icing by Noah Hanifin.
7:31 of 2nd period - Logan Couture wins face-off versus Andrew Copp in Senators zone.
7:32 of 2nd period - Shot by Cole Sillinger.
7:32 of 2nd period - Stopped by Semyon Varlamov without a rebound.
7:33 of 2nd period - Andrew Copp wins face-off versus Nic Dowd in Senators zone.
7:38 of 2nd period - Shot by Anthony Cirelli.
7:38 of 2nd period - Shot Blocked by Joel Edmundson.
8:04 of 2nd period - Shot by Rasmus Andersson.
8:04 of 2nd period - Stopped by Karel Vejmelka without a rebound.
8:05 of 2nd period - Nic Dowd wins face-off versus Joel Eriksson Ek in Kings zone.
8:26 of 2nd period - Shot by Nikita Kucherov.
8:26 of 2nd period - Stopped by Karel Vejmelka without a rebound.
8:27 of 2nd period - Andrew Copp wins face-off versus Nic Dowd in Kings zone.
8:28 of 2nd period - Shot by Rasmus Andersson.
8:28 of 2nd period - Stopped by Karel Vejmelka without a rebound.
8:29 of 2nd period - Joel Eriksson Ek wins face-off versus Nic Dowd in Kings zone.
8:47 of 2nd period - Icing by K'Andre Miller.
8:48 of 2nd period - Logan Couture wins face-off versus Andrew Copp in Senators zone.
8:57 of 2nd period - Shot by Anthony Cirelli.
8:57 of 2nd period - Stopped by Karel Vejmelka without a rebound.
8:58 of 2nd period - Joel Eriksson Ek wins face-off versus Matt Duchene in Kings zone.
9:17 of 2nd period - Jonas Brodin is hit by Joel Eriksson Ek and loses puck.
9:39 of 2nd period - Shot by Alex Ovechkin.
9:39 of 2nd period - Shot Blocked by Noah Hanifin.
10:21 of 2nd period - Shot by Anthony Cirelli.
10:21 of 2nd period - Shot Misses the Net.
10:23 of 2nd period - Shot by K'Andre Miller.
10:23 of 2nd period - Shot Misses the Net.
10:25 of 2nd period - Shot by Andrew Copp.
10:25 of 2nd period - Stopped by Karel Vejmelka without a rebound.
10:26 of 2nd period - Christian Dvorak wins face-off versus Brandon Saad in Kings zone.
10:35 of 2nd period - Shot by Eric Staal.
10:35 of 2nd period - Shot Misses the Net.
10:41 of 2nd period - Shot by Eric Staal.
10:41 of 2nd period - Shot Misses the Net.
10:43 of 2nd period - Shot by Eric Staal.
10:43 of 2nd period - Stopped by Karel Vejmelka without a rebound.
10:44 of 2nd period - Nic Dowd wins face-off versus Luke Glendening in Kings zone.
10:53 of 2nd period - Shot by Conor Sheary.
10:53 of 2nd period - Shot Misses the Net.
10:55 of 2nd period - Shot by Rasmus Ristolainen.
10:55 of 2nd period - Shot Misses the Net.
11:28 of 2nd period - Nic Dowd is hit by Brock McGinn and loses puck.
11:48 of 2nd period - Icing by Jonas Brodin.
11:49 of 2nd period - Nic Dowd wins face-off versus Andrew Copp in Kings zone.
12:21 of 2nd period - Jonas Brodin is hit by Anthony Cirelli and loses puck.
12:50 of 2nd period - Off-side.
12:51 of 2nd period - Joel Eriksson Ek wins face-off versus Matt Duchene in neutral zone.
12:55 of 2nd period - Jake Walman is hit by Mattias Ekholm and loses puck.
13:06 of 2nd period - Shot by Matty Beniers.
13:06 of 2nd period - Stopped by Karel Vejmelka without a rebound.
13:07 of 2nd period - Christian Dvorak wins face-off versus Cole Sillinger in Kings zone.
13:43 of 2nd period - Shot by Logan Couture.
13:43 of 2nd period - Shot Hit the Post.
13:51 of 2nd period - Shot by Chris Tanev.
13:51 of 2nd period - Stopped by Karel Vejmelka without a rebound.
13:52 of 2nd period - Matt Duchene wins face-off versus Joel Eriksson Ek in Kings zone.
14:08 of 2nd period - Evander Kane is hit by Rasmus Andersson and loses puck.
15:01 of 2nd period - Shot by Andrew Copp.
15:01 of 2nd period - Shot Misses the Net.
15:29 of 2nd period - Shot by Scott Laughton.
15:29 of 2nd period - Shot Misses the Net.
15:31 of 2nd period - Shot by Andrew Copp.
15:31 of 2nd period - Stopped by Karel Vejmelka without a rebound.
15:32 of 2nd period - Christian Dvorak wins face-off versus Logan Couture in Kings zone.
15:34 of 2nd period - Danton Heinen is hit by Jonas Brodin and loses puck.
17:03 of 2nd period - Matt Duchene is hit by Noah Hanifin and loses puck.
17:09 of 2nd period - Matt Duchene is hit by Noah Hanifin and loses puck.
17:52 of 2nd period - Shot by Brandon Saad.
17:52 of 2nd period - Stopped by Semyon Varlamov with a rebound.
18:34 of 2nd period - Jonas Brodin is hit by Scott Laughton and loses puck.
18:42 of 2nd period - Icing by Jake Walman.
18:43 of 2nd period - Andrew Copp wins face-off versus Nic Dowd in Senators zone.
18:56 of 2nd period - Icing by Scott Laughton.
18:57 of 2nd period - Logan Couture wins face-off versus Andrew Copp in Senators zone.
18:57 of 2nd period - Jonas Brodin is hit by Connor Clifton and loses puck.
19:37 of 2nd period - Minor Penalty to Connor Clifton for Holding Stick.
19:38 of 2nd period - Christian Dvorak wins face-off versus Matt Duchene in Senators zone.
Goals for this period are 1 for Senators vs 0 for Kings.
Shots for this period are 11 for Senators vs 2 for Kings.

3rd period


0:01 of 3rd period - Matt Duchene wins face-off versus Luke Glendening in neutral zone.
0:05 of 3rd period - Off-side.
0:06 of 3rd period - Luke Glendening wins face-off versus Matt Duchene in neutral zone.
1:55 of 3rd period - Shot by Joel Eriksson Ek.
1:55 of 3rd period - Shot Misses the Net.
4:16 of 3rd period - Shot by Luke Glendening.
4:16 of 3rd period - Stopped by Karel Vejmelka without a rebound.
4:17 of 3rd period - Joel Eriksson Ek wins face-off versus Matt Duchene in Kings zone.
4:32 of 3rd period - Shot by Matt Duchene.
4:32 of 3rd period - Stopped by Semyon Varlamov without a rebound.
4:33 of 3rd period - Andrew Copp wins face-off versus Logan Couture in Senators zone.
4:50 of 3rd period - Shot by Scott Laughton.
4:50 of 3rd period - Deflect By Anthony Cirelli.
4:50 of 3rd period - Stopped by Karel Vejmelka without a rebound.
4:51 of 3rd period - Matt Duchene wins face-off versus Joel Eriksson Ek in Kings zone.
5:12 of 3rd period - Shot by Rasmus Andersson.
5:12 of 3rd period - Shot Hit the Post.
5:14 of 3rd period - Shot by Joel Eriksson Ek.
5:14 of 3rd period - Shot Blocked by Jonas Brodin.
5:16 of 3rd period - Shot by Matty Beniers.
5:16 of 3rd period - Shot Blocked by Rasmus Ristolainen.
5:18 of 3rd period - Shot by Joel Eriksson Ek.
5:18 of 3rd period - Stopped by Karel Vejmelka without a rebound.
5:19 of 3rd period - Logan Couture wins face-off versus Andrew Copp in Kings zone.
5:19 of 3rd period - Logan Couture is hit by Scott Laughton.
5:35 of 3rd period - Shot by Logan Couture.
5:35 of 3rd period - Stopped by Semyon Varlamov with a rebound.
5:37 of 3rd period - Shot by Mattias Ekholm.
5:37 of 3rd period - Shot Misses the Net.
5:39 of 3rd period - Shot by Mattias Ekholm.
5:39 of 3rd period - Shot Misses the Net.
5:41 of 3rd period - Shot by Vladimir Tarasenko.
5:41 of 3rd period - Deflect By Logan Couture.
5:41 of 3rd period - Goal by Logan Couture - Senators : 1 - Kings : 1.
5:42 of 3rd period - Matt Duchene wins face-off versus Joel Eriksson Ek in neutral zone.
5:47 of 3rd period - Shot by Matt Duchene.
5:47 of 3rd period - Shot Misses the Net.
6:09 of 3rd period - Shot by Joel Eriksson Ek.
6:09 of 3rd period - Stopped by Karel Vejmelka without a rebound.
6:10 of 3rd period - Cole Sillinger wins face-off versus Andrew Copp in Kings zone.
6:30 of 3rd period - Scott Laughton is hit by Mattias Ekholm.
6:55 of 3rd period - Shot by Andrew Copp.
6:55 of 3rd period - Deflect By Scott Laughton.
6:55 of 3rd period - Shot Misses the Net.
7:02 of 3rd period - Icing by Mattias Ekholm.
7:03 of 3rd period - Joel Eriksson Ek wins face-off versus Logan Couture in Kings zone.
7:32 of 3rd period - Minor Penalty to Mattias Ekholm for Roughing.
7:33 of 3rd period - Andrew Copp wins face-off versus Nic Dowd in Kings zone.
7:38 of 3rd period - Shot by Andrew Copp.
7:38 of 3rd period - Stopped by Karel Vejmelka with a rebound.
7:40 of 3rd period - Shot by Andrew Copp.
7:40 of 3rd period - Goal by Andrew Copp - Senators : 2 - Kings : 1.
7:41 of 3rd period - Christian Dvorak wins face-off versus Evander Kane in neutral zone.
8:19 of 3rd period - Evander Kane is hit by Connor Clifton and loses puck.
8:38 of 3rd period - Evander Kane is hit by Nikita Kucherov and loses puck.
9:10 of 3rd period - Icing by Chris Tanev.
9:11 of 3rd period - Nikita Kucherov wins face-off versus Logan Couture in Senators zone.
9:25 of 3rd period - Icing by K'Andre Miller.
9:26 of 3rd period - David Krejci wins face-off versus Joel Eriksson Ek in Senators zone.
9:30 of 3rd period - Brandon Saad is hit by K'Andre Miller and loses puck.
9:37 of 3rd period - Shot by Jason Dickinson.
9:37 of 3rd period - Goal by Jason Dickinson - Senators : 2 - Kings : 2.
9:38 of 3rd period - Logan Couture wins face-off versus Andrew Copp in neutral zone.
10:18 of 3rd period - Shot by Andrew Copp.
10:18 of 3rd period - Stopped by Karel Vejmelka without a rebound.
10:19 of 3rd period - Christian Dvorak wins face-off versus Matt Duchene in Kings zone.
10:32 of 3rd period - Shot by Matt Duchene.
10:32 of 3rd period - Goal by Matt Duchene - Senators : 2 - Kings : 3.
10:33 of 3rd period - Joel Eriksson Ek wins face-off versus David Krejci in neutral zone.
10:48 of 3rd period - Shot by Brandon Saad.
10:48 of 3rd period - Deflect By David Krejci.
10:48 of 3rd period - Shot Misses the Net.
11:08 of 3rd period - Shot by Joel Eriksson Ek.
11:08 of 3rd period - Shot Misses the Net.
11:59 of 3rd period - Shot by Evander Kane.
11:59 of 3rd period - Shot Blocked by Noah Hanifin.
12:01 of 3rd period - Shot by Matt Duchene.
12:01 of 3rd period - Goal by Matt Duchene - Senators : 2 - Kings : 4.
12:02 of 3rd period - Logan Couture wins face-off versus Christian Dvorak in neutral zone.
12:12 of 3rd period - Shot by Connor Clifton.
12:12 of 3rd period - Shot Misses the Net.
12:14 of 3rd period - Shot by Connor Clifton.
12:14 of 3rd period - Stopped by Karel Vejmelka without a rebound.
12:15 of 3rd period - Anthony Cirelli wins face-off versus Nic Dowd in Kings zone.
12:18 of 3rd period - Shot by Andrew Copp.
12:18 of 3rd period - Stopped by Karel Vejmelka without a rebound.
12:19 of 3rd period - Christian Dvorak wins face-off versus Evander Kane in Kings zone.
12:53 of 3rd period - Shot by Matt Duchene.
12:53 of 3rd period - Shot Blocked by Christian Dvorak.
13:25 of 3rd period - Shot by Andrew Copp.
13:25 of 3rd period - Stopped by Karel Vejmelka without a rebound.
13:26 of 3rd period - Luke Glendening wins face-off versus Logan Couture in Kings zone.
13:41 of 3rd period - Shot by Luke Glendening.
13:41 of 3rd period - Deflect By Brock McGinn.
13:41 of 3rd period - Stopped by Karel Vejmelka without a rebound.
13:42 of 3rd period - Joel Eriksson Ek wins face-off versus David Krejci in Kings zone.
13:47 of 3rd period - Shot by Joel Eriksson Ek.
13:47 of 3rd period - Shot Misses the Net.
14:31 of 3rd period - Joel Eriksson Ek is hit by Jason Dickinson.
14:52 of 3rd period - Minor Penalty to Evander Kane for Tripping.
14:53 of 3rd period - Andrew Copp wins face-off versus Nic Dowd in Kings zone.
14:54 of 3rd period - Shot by Anthony Cirelli.
14:54 of 3rd period - Shot Misses the Net.
15:39 of 3rd period - Icing by Anthony Cirelli.
15:40 of 3rd period - Nic Dowd wins face-off versus Andrew Copp in Senators zone.
15:47 of 3rd period - Shot by Tyler Motte.
15:47 of 3rd period - Shot Misses the Net.
16:11 of 3rd period - Shot by Joel Eriksson Ek.
16:11 of 3rd period - Shot Misses the Net.
16:22 of 3rd period - Off-side.
16:23 of 3rd period - Nic Dowd wins face-off versus Nikita Kucherov in neutral zone.
17:01 of 3rd period - Shot by Alex Ovechkin.
17:01 of 3rd period - Stopped by Semyon Varlamov without a rebound.
17:02 of 3rd period - Matt Duchene wins face-off versus Christian Dvorak in Senators zone.
17:05 of 3rd period - Shot by Alex Ovechkin.
17:05 of 3rd period - Shot Blocked by K'Andre Miller.
17:07 of 3rd period - Shot by Mattias Ekholm.
17:07 of 3rd period - Stopped by Semyon Varlamov without a rebound.
17:08 of 3rd period - Matt Duchene wins face-off versus Anthony Cirelli in Senators zone.
17:08 of 3rd period - Matt Duchene is hit by Rasmus Andersson.
17:14 of 3rd period - Shot by Matt Duchene.
17:14 of 3rd period - Stopped by Semyon Varlamov with a rebound.
17:46 of 3rd period - Shot by Noah Hanifin.
17:46 of 3rd period - Shot Blocked by Jonas Brodin.
17:48 of 3rd period - Shot by Andrew Copp.
17:48 of 3rd period - Deflect By Anthony Cirelli.
17:48 of 3rd period - Shot Misses the Net.
18:00 of 3rd period - Shot by Chris Tanev.
18:00 of 3rd period - Shot Blocked by Alex Ovechkin.
18:02 of 3rd period - Shot by Danton Heinen.
18:02 of 3rd period - Goal by Danton Heinen - Senators : 3 - Kings : 4.
18:03 of 3rd period - Luke Glendening wins face-off versus Logan Couture in neutral zone.
18:05 of 3rd period - K'Andre Miller is hit by Mattias Ekholm and loses puck.
18:12 of 3rd period - Shot by Luke Glendening.
18:12 of 3rd period - Stopped by Karel Vejmelka without a rebound.
18:13 of 3rd period - Christian Dvorak wins face-off versus David Krejci in Kings zone.
18:49 of 3rd period - Icing by Mattias Ekholm.
18:50 of 3rd period - Andrew Copp wins face-off versus David Krejci in Kings zone.
18:57 of 3rd period - Shot by Scott Laughton.
18:57 of 3rd period - Stopped by Karel Vejmelka without a rebound.
18:58 of 3rd period - Matt Duchene wins face-off versus Andrew Copp in Kings zone.
19:05 of 3rd period - Senators, Semyon Varlamov is pulled from the net.
19:05 of 3rd period - Shot by Scott Laughton.
19:05 of 3rd period - Goal by Scott Laughton - Senators : 4 - Kings : 4.
19:05 of 3rd period - Semyon Varlamov from Senators was sent back in the game.
19:06 of 3rd period - Matt Duchene wins face-off versus Luke Glendening in neutral zone.
19:12 of 3rd period - Evander Kane is hit by K'Andre Miller and loses puck.
19:47 of 3rd period - Shot by Pius Suter.
19:47 of 3rd period - Shot Blocked by Jonas Brodin.
19:49 of 3rd period - Shot by Pius Suter.
19:49 of 3rd period - Shot Blocked by Rasmus Ristolainen.
Goals for this period are 3 for Senators vs 4 for Kings.
Shots for this period are 15 for Senators vs 9 for Kings.

Overtime #1


0:01 of 1st overtime period - Logan Couture wins face-off versus Andrew Copp in neutral zone.
0:06 of 1st overtime period - Shot by Alex Ovechkin.
0:06 of 1st overtime period - Deflect By Logan Couture.
0:06 of 1st overtime period - Shot Misses the Net.
1:02 of 1st overtime period - Shot by Joel Eriksson Ek.
1:02 of 1st overtime period - Shot Misses the Net.
1:14 of 1st overtime period - Shot by Joel Eriksson Ek.
1:14 of 1st overtime period - Stopped by Karel Vejmelka without a rebound.
1:15 of 1st overtime period - Scott Laughton wins face-off versus Evander Kane in Kings zone.
1:28 of 1st overtime period - Shot by Joel Eriksson Ek.
1:28 of 1st overtime period - Shot Blocked by Rasmus Ristolainen.
1:36 of 1st overtime period - Shot by Joel Eriksson Ek.
1:36 of 1st overtime period - Shot Misses the Net.
1:38 of 1st overtime period - Shot by Scott Laughton.
1:38 of 1st overtime period - Goal by Scott Laughton - Senators : 5 - Kings : 4.
Goals for this period are 1 for Senators vs 0 for Kings.
Shots for this period are 2 for Senators vs 0 for Kings.